 Seeded DCSS version 0.28.0-53-g5a82cb258f (webtiles) character file.

Game seed: 123456789 (custom seed)

5947 Kazon the Basher (level 10, -14/64 HPs)
             Began as a Gargoyle Fighter on July 21, 2022.
             Was a Believer of Makhleb.
             Demolished by a red ugly thing (15 damage)
             ... on level 7 of the Dungeon.
             The game lasted 00:29:51 (6289 turns).

Kazon the Basher (Gargoyle Fighter)                 Turns: 6289, Time: 00:29:51

Health: -14/64     AC: 19    Str: 20    XL:     10   Next: 84%
Magic:  13/13      EV: 12    Int:  9    God:    Makhleb [**....]
Gold:   172        SH:  6    Dex: 19    Spells: 8/9 levels left

rFire   . . .      SeeInvis .   q - +8 mace "Nihoonn" {freeze, rC+ Dex+6}
rCold   + . .      Faith    .   c - +0 buckler
rNeg    + . .      Spirit   .   M - +0 swamp dragon scales
rPois   ∞          Reflect  .   k - +0 helmet
rElec   +          Harm     .   m - +0 cloak
rCorr   .          Rampage  .   (no gloves)
Will    +....                   G - +0 pair of boots
Stlth   ++........              (no amulet)
HPRegen 0.20/turn               t - ring of willpower
MPRegen 0.13/turn               (no ring)

@: no status effects
A: sickness immunity, AC +7, negative energy resistance 1, electricity
resistance, torment resistance 1, petrification resistance
a: Renounce Religion, Minor Destruction


You were on level 7 of the Dungeon.
You worshipped Makhleb.
Makhleb was pleased with you.
You visited 1 branch of the dungeon, and saw 8 of its levels.
You also visited: Sewer.

You collected 249 gold pieces.
You spent 77 gold pieces at shops.

Inventory:

Hand Weapons
 h - a +1 mace of holy wrath
 o - a +2 mace of protection
 q - the +8 mace "Nihoonn" (weapon) {freeze, rC+ Dex+6}
   (You found it on level 2 of the Dungeon)

   It freezes those it strikes, dealing additional cold damage.
   It can also slow down cold-blooded creatures.
   Dex:       It affects your dexterity (+6).
   rC:        It protects you from cold.
 v - a +1 mace of venom
 w - a +0 hand crossbow
 A - a +2 war axe of flaming
Missiles
 b - 2 curare-tipped darts
 g - 13 stones
 j - 5 boomerangs (quivered)
 p - 103 bolts
 K - 18 poisoned darts
Armour
 c - a +0 buckler (worn)
 k - a +0 helmet (worn)
 m - a +0 cloak (worn)
 G - a +0 pair of boots (worn)
 L - a +2 leather armour of fire resistance
 M - +0 swamp dragon scales (worn)
Jewellery
 t - a ring of willpower (left hand)
Wands
 l - a wand of acid (8)
 r - a wand of flame (22)
 y - a wand of iceblast (9)
Scrolls
 a - a scroll of summoning {unknown}
 f - 3 scrolls of magic mapping {unknown}
 i - 2 scrolls of identify
 n - 2 scrolls of fear {unknown}
 u - a scroll of noise {unknown}
 x - 2 scrolls of teleportation
 E - 2 scrolls of fog
Potions
 d - a potion of might
 e - a potion of haste
 s - 6 potions of curing
 z - 2 potions of degeneration {unknown}
 B - a potion of magic {unknown}
 C - a potion of heal wounds
 D - 2 potions of flight
 H - 2 potions of resistance {unknown}
 I - a potion of lignification
 J - 2 potions of mutation {unknown}


   Skills:
 * Level 7.9 Fighting
 + Level 9.2 Maces & Flails
 + Level 3.8 Crossbows
 + Level 0.9 Throwing
 + Level 5.8 Armour
 + Level 2.9 Dodging
 + Level 3.5 Stealth
 + Level 5.1 Shields
 * Level 5.2 Invocations
 * Level 4.8 Evocations


You had 8 spell levels left.
You knew the following spells:

 Your Spells              Type           Power      Damage    Failure   Level
a - Animate Skeleton      Necr           0%         N/A       63%         1

Your spell library contained the following spells:

 Spells                   Type           Power      Damage    Failure   Level
 Beastly Appendage        Tmut           0%         N/A       63%         1
 Magic Dart               Conj           0%         1d3       63%         1
 Pain                     Necr           0%         1d4       63%         1
 Blink                    Tloc           0%         N/A       77%         2
 Call Imp                 Summ           0%         N/A       77%         2
 Ensorcelled Hibernation  Hex/Ice        0%         N/A       77%         2
 Passwall                 Tmut/Erth      0%         N/A       77%         2
 Wereblood                Tmut           0%         N/A       77%         2
 Lesser Beckoning         Tloc           0%         N/A       94%         3
 Mephitic Cloud           Conj/Pois/Air  0%         N/A       94%         3
 Spider Form              Tmut/Pois      0%         N/A       94%         3
 Summon Guardian Golem    Hex/Summ       0%         N/A       94%         3
 Swiftness                Air            0%         N/A       94%         3
 Tukima's Dance           Hex            0%         N/A       94%         3
 Vampiric Draining        Necr           0%         2d6       94%         3
 Anguish                  Hex/Necr       0%         N/A       100%        4
 Manifold Assault         Tloc           0%         N/A       100%        5
 Enfeeble                 Hex            0%         N/A       100%        7
 Orb of Destruction       Conj           0%         9d5       100%        7
 Spellforged Servitor     Conj/Summ      0%         N/A       100%        7


Dungeon Overview and Level Annotations

Branches:
Dungeon (8/15)             Temple (0/1) D:6           Sewer (visited)
   Lair: D:8-11

Altars:
Makhleb

Shops:
D:6 ?


Innate Abilities, Weirdness & Mutations

You are immune to sickness and miasma.
Your stone body is resilient. (AC +7)
You are immune to poison.
You resist negative energy. (rN+)
You are resistant to electric shocks. (rElec)
You are resistant to unholy torment.
You are immune to petrification.


Message History

You closely miss the white imp. You block the white imp's attack.
You hit the white imp.
The white imp is heavily wounded.
The white imp gestures at you. The puff of frost misses you.
You closely miss the white imp.
The white imp is heavily wounded.
The white imp barely misses you.
You sock the white imp!
You kill the white imp!
Makhleb accepts your kill.
Found an amethyst potion.
You see here a +0 short sword.
A red ugly thing comes into view.
Found 26 sling bullets.
You see here the +6 falchion of Kiugemur {flame, Str+5}.
The helpless red ugly thing fails to defend itself.
You sock the red ugly thing! You freeze the red ugly thing.
The red ugly thing is moderately wounded.
The red ugly thing barely misses you.
You completely miss the red ugly thing.
The red ugly thing is moderately wounded.
You hear a bellow!
The red ugly thing punches you but does no damage.
You closely miss the red ugly thing.
The red ugly thing is moderately wounded.
The red ugly thing misses you.
You sock the red ugly thing! You freeze the red ugly thing.
The red ugly thing is heavily wounded.
The red ugly thing punches you.
You are engulfed in flames!!
You closely miss the red ugly thing.
The red ugly thing is moderately wounded.
The red ugly thing punches you!
You are engulfed in flames!!
* * * LOW HITPOINT WARNING * * *
You thump the red ugly thing! You freeze the red ugly thing.
The red ugly thing is severely wounded.
The red ugly thing punches you!
* * * LOW HITPOINT WARNING * * *
You are engulfed in flames!
You die...

##'## ### ♣♣.♣♣#.# ♣
♣.♣♣♣♣♣♣♣ ♣...♣#.# ♣♣
♣.♣......P♣ ♣♣.♣♣#.#
.≈≈.♣.♣)♣.≈≈≈..# ... #.#
!≈≈≈....♣♣P.♣.♣# ♣.♣ #.##
♣....♣♣.♣ ♣... #####... ####
#.# #### #...... #.#♣
####.#.... #.#@# #......#..
.(#8#u.♣ ####.....# ♣.♣#.#
#♣.♣ #..#.## ♣. ♣# .♣
####..#..#
###############.........
##.......#.........#.###.
####.............####...##..
####>...#.######..###
##..#... #....##...# ##.#
##.....


You could see a red ugly thing.

Vanquished Creatures
  A slime creature (D:5)
  Maggie (D:6)
  2 trolls
  Sigmund (D:2)
  Eustachio (D:5)
  7 yaks
  2 steam dragons
  Menkaure (D:5)
  2 water moccasins
  Edmund (D:6)
  Duvessa (D:5)
  2 black bears
  An orc warrior (D:7)
  2 necrophages
  2 ogres
  3 centaurs
  3 phantoms
  4 kobold brigands
  A bullfrog (D:7)
  Dowan (D:5)
  5 wights (D:6)
  5 hounds
  6 jellies
  6 orc priests
  Crazy Yiuf (D:2)
  2 centaur skeletons (D:6)
  Ijyb (D:3)
  An iguana (D:6)
  5 orc wizards
  2 hound skeletons
  Robin (D:2)
  2 howler monkey zombies
  A howler monkey skeleton (D:5)
  10 adders
  3 river rats (Sewer)
  2 shadow imps
  A white imp (D:7)
  2 ufetubi
  4 worms
  3 dart slugs
  14 orcs
  6 bats
  10 endoplasms
  4 giant cockroaches
  15 goblins
  10 hobgoblins
  7 jackals
  6 quokkas
  4 ball pythons
  5 frilled lizards
  15 kobolds
  8 rats
206 creatures vanquished.

Vanquished Creatures (others)
  3 fungi (D:5)
  A plant (D:7)
  6 toadstools (D:5)
  2 withered plants (D:1)
12 creatures vanquished.

Grand Total: 218 creatures vanquished

Notes
Turn   | Place    | Note
-------+----------+-------------------------------------------
     0 | D:1      | Kazon the Gargoyle Fighter began the quest for the Orb.
     0 | D:1      | Reached XP level 1. HP: 14/14 MP: 1/1
   189 | D:1      | Reached XP level 2. HP: 19/19 MP: 2/2
   449 | D:1      | Found a faded altar of an unknown god.
   785 | D:1      | Reached XP level 3. HP: 24/24 MP: 3/3
  1149 | D:2      | Identified the +2 robe of the Fletcher {Int+7}
  1249 | D:2      | Noticed Sigmund
  1278 | D:2      | Noticed Robin
  1281 | D:2      | Killed Robin
  1299 | D:2      | Reached XP level 4. HP: 29/29 MP: 4/4
  1337 | D:2      | Identified the +8 mace "Nihoonn" {freeze, rC+ Dex+6}
  1351 | D:2      | Found a runed translucent door.
  1352 | D:2      | Noticed Crazy Yiuf
  1357 | D:2      | Killed Crazy Yiuf
  1474 | D:2      | Killed Sigmund
  1475 | D:2      | Reached skill level 4 in Maces & Flails
  1475 | D:2      | Reached XP level 5. HP: 34/34 MP: 5/5
  1475 | D:2      | Reached XP level 6. HP: 39/39 MP: 6/6
  2091 | D:3      | Reached skill level 1 in Dodging
  2168 | D:3      | Reached skill level 5 in Maces & Flails
  2168 | D:3      | Reached XP level 7. HP: 31/44 MP: 7/7
  2178 | D:3      | Reached skill level 1 in Stealth
  2618 | D:3      | Noticed Ijyb
  2631 | D:3      | Killed Ijyb
  2740 | D:3      | Reached skill level 5 in Fighting
  3053 | D:4      | Found a glowing drain.
  3062 | Sewer    | Entered a sewer
  3152 | Sewer    | Reached skill level 1 in Evocations
  3192 | Sewer    | Found a white marble altar of Elyvilon.
  3320 | D:4      | Learned a level 1 spell: Animate Skeleton
  3420 | D:4      | Noticed a steam dragon
  3431 | D:4      | Killed a steam dragon
  3432 | D:4      | Reached skill level 6 in Maces & Flails
  3432 | D:4      | Reached XP level 8. HP: 38/50 MP: 8/8
  3712 | D:4      | Reached skill level 1 in Crossbows
  3953 | D:5      | Entered Level 5 of the Dungeon
  4033 | D:5      | Found a burning altar of Makhleb.
  4033 | D:5      | Noticed a blizzard demon
  4036 | D:5      | Noticed a hellwing
  4038 | D:5      | Became a worshipper of Makhleb the Destroyer
  4101 | D:5      | Noticed Menkaure
  4125 | D:5      | Killed Menkaure
  4144 | D:5      | Noticed Duvessa
  4154 | D:5      | Killed Duvessa
  4155 | D:5      | Reached skill level 7 in Maces & Flails
  4155 | D:5      | Reached skill level 1 in Invocations
  4157 | D:5      | Noticed Dowan
  4269 | D:6      | Noticed Edmund
  4418 | D:5      | Reached XP level 9. HP: 55/55 MP: 10/10
  4547 | D:5      | Killed a large slime creature
  4865 | D:5      | Reached skill level 8 in Maces & Flails
  4926 | D:5      | Reached * piety under Makhleb
  4927 | D:5      | Reached skill level 5 in Armour
  5000 | D:5      | Noticed a troll
  5101 | D:5      | Noticed Eustachio
  5118 | D:5      | Killed Eustachio
  5119 | D:5      | Reached XP level 10. HP: 52/63 MP: 12/12
  5139 | D:5      | Killed Dowan
  5458 | D:6      | Reached skill level 5 in Shields
  5463 | D:6      | Killed Edmund
  5483 | D:6      | Found Cituep's Magic Scroll Emporium.
  5498 | D:6      | You fall into a shaft and drop 2 floors!
  5604 | D:6      | Bought a scroll of teleportation for 33 gold pieces
  5604 | D:6      | Bought a scroll of identify for 22 gold pieces
  5604 | D:6      | Bought a scroll of fog for 22 gold pieces
  5675 | D:6      | Reached ** piety under Makhleb
  5885 | D:6      | Noticed Maggie
  5898 | D:6      | Killed Maggie
  5899 | D:6      | Reached skill level 9 in Maces & Flails
  5976 | D:6      | Found a staircase to the Ecumenical Temple.
  6188 | D:7      | Reached skill level 5 in Invocations
  6281 | D:7      | Noticed a red ugly thing
  6283 | D:7      | Identified the +6 falchion of Kiugemur {flame, Str+5}
  6289 | D:7      | HP: 1/64 [red ugly thing (11)]
  6289 | D:7      | Demolished by a red ugly thing

Illustrated notes

Levels and vault maps discovered:
D:1:      co_arrival_random_square_maze, layout_loops_cross,
          ebering_ecumenical_altar_petrified
D:2:      layout_basic, uniq_sigmund, uniq_crazy_yiuf_cottage, uniq_robin
D:3:      wad_pebble_path, layout_basic, uniq_ijyb
D:4:      layout_basic, portal_sewer_entry_d
D:5:      cheibrodos_fertilizer, layout_loops_ring, makhleb_altar_promises_db,
          minmay_diced_spiral, uniq_menkaure, uniq_duvessa, uniq_eustachio
D:6:      layout_rooms, minmay_temple_entry_gardened_gates, serial_shops,
          shop_scrolls, serial_bayou_pond_c, uniq_maggie, uniq_edmund
D:7:      nzn_winding_woodlands_stair_cross [nzn_winding_woodlands_5x15_garden,
          nzn_winding_woodlands_center_diamonds,
          nzn_winding_woodlands_5x15_pathside_ponds,
          nzn_winding_woodlands_5x5_perimeter,
          nzn_winding_woodlands_5x5_closed_star,
          nzn_winding_woodlands_5x15_cabin,
          nzn_winding_woodlands_center_triple_pond,
          nzn_winding_woodlands_5x15_pool], layout_rooms,
          minmay_misc_feat_enclosed
D:8:      layout_basic, nicolae_qazlal_eye_of_the_storm,
          erik_lair_orcish_takeover, nicolae_wooded_promenade

Skill      XL: |  1  2  3  4  5  6  7  8  9 10 |
---------------+-------------------------------+-----
Armour         | 4 5 |  5.8
Fighting       | 4 5 6 7 |  7.9
Maces & Flails | 4 5 6 7 8 9 |  9.2
Dodging        | 1 2 |  2.9
Stealth        | 1 2 3 |  3.5
Shields        | 4 5 |  5.1
Evocations     | 1 2 4 |  4.8
Crossbows      | 1 3 |  3.8
Invocations    | 1 3 5 |  5.2
Throwing       | |  0.9

Action                   |  1- 3 |  4- 6 |  7- 9 | 10-12 || total
-------------------------+-------+-------+-------+-------++-------
Melee: Flail             |   122 |     3 |       |       ||   125
       Mace              |       |    98 |   216 |   137 ||   451
 Fire: Hand crossbow     |       |       |    18 |    36 ||    54
Throw: Stone             |       |     4 |     9 |       ||    13
       Dart              |       |       |     3 |    11 ||    14
       Boomerang         |       |       |       |     1 ||     1
 Cast: Animate Skeleton  |       |       |       |     3 ||     3
Invok: Minor Destruction |       |       |       |     3 ||     3
  Use: Scroll            |       |       |       |     3 ||     3
       Potion            |       |       |       |     1 ||     1
 Stab: Sleeping          |       |     1 |     4 |     1 ||     6
Armor: Scale mail        |    63 |     1 |    13 |       ||    77
       Robe              |       |    43 |    56 |       ||    99
       Plate armour      |       |       |    23 |    42 ||    65
       Swamp dragon scal |       |       |       |    19 ||    19
Dodge: Dodged            |    49 |    58 |    93 |    39 ||   239
Block: Buckler           |    21 |    20 |    48 |    30 ||   119
